 Dungeon Crawl Stone Soup version 0.28-a0-1241-gf280a0fbb2 (webtiles) character file.

Game seed: 16946011838014139328

36 Gargoyl the Skirmisher (level 3, 0/35 HPs)
             Began as a Gnoll Abyssal Knight on Dec 26, 2021.
             Was a Follower of Lugonu.
             Slain by Terence (8 damage)
             ... on level 2 of the Dungeon.
             The game lasted 00:01:30 (1081 turns).

Gargoyl the Skirmisher (Gnoll Abyssal Knight)       Turns: 1081, Time: 00:01:31

Health: 0/35       AC:  4    Str: 14    XL:     3   Next: 37%
Magic:  6/6        EV: 12    Int:  9    God:    Lugonu [*.....]
Gold:   75         SH:  0    Dex: 12    Spells: 3/3 levels left

rFire   . . .      SeeInvis .   a - +2 hand axe
rCold   . . .      Faith    .   (no shield)
rNeg    + . .      Spirit   .   b - +0 leather armour
rPois   .          Reflect  .   (no helmet)
rElec   .          Harm     .   (no cloak)
rCorr   .          Rampage  .   (no gloves)
Will    .....                   e - +0 pair of boots
Stlth   +.........              (no amulet)
HPRegen 0.11/turn               c - ring of positive energy
MPRegen 0.10/turn               (no ring)

@: no status effects
A: fangs 1, strong nose, distributed training
a: Renounce Religion, Depart the Abyss


You were on level 2 of the Dungeon.
You worshipped Lugonu.
Lugonu was aware of your devotion.
You visited 1 branch of the dungeon, and saw 2 of its levels.
You visited the Abyss 1 time.

You collected 75 gold pieces.

Inventory:

Hand Weapons
 a - a +2 hand axe (weapon)
Armour
 b - a +0 leather armour (worn)
 e - a +0 pair of boots (worn)
Jewellery
 c - a ring of positive energy (left hand)
Scrolls
 d - a scroll of torment {unknown}


   Skills:
 + Level 6.5 Fighting
 + Level 0.7 Short Blades
 + Level 0.7 Long Blades
 + Level 4.5 Axes
 + Level 0.7 Maces & Flails
 + Level 0.7 Polearms
 + Level 0.7 Staves
 + Level 0.7 Slings
 + Level 0.7 Bows
 + Level 0.7 Crossbows
 + Level 0.7 Throwing
 + Level 4.5 Armour
 + Level 2.6 Dodging
 + Level 0.7 Stealth
 + Level 0.7 Shields
 + Level 0.7 Unarmed Combat
 + Level 0.7 Spellcasting
 + Level 0.5 Conjurations
 + Level 0.5 Hexes
 + Level 0.5 Summonings
 + Level 0.5 Necromancy
 + Level 0.5 Translocations
 + Level 0.5 Transmutations
 + Level 0.5 Fire Magic
 + Level 0.5 Ice Magic
 + Level 0.5 Air Magic
 + Level 0.5 Earth Magic
 + Level 0.5 Poison Magic
 + Level 4.5 Invocations
 + Level 0.7 Evocations


You had 3 spell levels left.
You didn't know any spells.
Your spell library contained the following spells:

 Spells                   Type           Power      Damage    Failure   Level
 Sandblast                Erth           2%         2d4       36%         1
 Mephitic Cloud           Conj/Pois/Air  1%         N/A       75%         3
 Borgnjor's Vile Clutch   Necr/Erth      0%         N/A       100%        5
 Statue Form              Tmut/Erth      0%         N/A       100%        6


Dungeon Overview and Level Annotations

Branches:
Dungeon (2/15)

Altars:

Annotations:
D:2 Robin, Terence


Innate Abilities, Weirdness & Mutations

You have very sharp teeth.
Your uncanny sense of smell can sniff out nearby items.
Your experience applies equally to all skills.


Message History

You kill the hobgoblin!
Lugonu accepts your kill.
You hit the hobgoblin.
You kill the hobgoblin!
Lugonu accepts your kill.
You hit the goblin.
Terence says, "Rest in peace."
The goblin hits you with a +0 club.
* * * LOW HITPOINT WARNING * * *
You hit the goblin but do no damage.
The goblin is heavily wounded.
You hit Terence. Terence hits you with a +0 hand axe.
* * * LOW HITPOINT WARNING * * *
The goblin barely misses you.
Unknown command.
You barely miss the goblin. You bite the goblin, but do no damage.
The goblin is heavily wounded.
You hit Terence but do no damage. Terence barely misses you.
Unknown command.
Okay, then.
You aren't carrying any potions.
You aren't carrying any scrolls.
You slash the goblin!
You kill the goblin!
Lugonu accepts your kill.
You hit the goblin.
You kill the goblin!
Lugonu accepts your kill.
You hit Terence but do no damage. Terence barely misses you.
Found a stone staircase leading down.
You see here a +0 club.
Found a scroll labelled QOICAD JERIT.
Robin points. "Kill!"
Robin roars a battlecry!
The hobgoblins go into a battle-frenzy!
You see here a scroll labelled QOICAD JERIT.
d - a scroll labelled QOICAD JERIT You feel your willpower return.
Terence hits you with a +0 hand axe!
You die...

#.# #.# #.#
#g# #g# #.#
#g# #.#
#####@# #.#
#...@.# #.#
#.##### #.#
#.# #.#
#.######.####
.............
<.######.....
..# ###


You could see Terence, Robin and 2 hobgoblins.

Vanquished Creatures
  4 endoplasms (D:1)
  2 giant cockroaches (D:1)
  9 goblins
  4 hobgoblins
  A jackal (D:2)
  2 kobolds (D:1)
  4 ball pythons (D:1)
  2 bats (D:1)
  A frilled lizard (D:1)
  2 rats (D:1)
31 creatures vanquished.

Notes
Turn   | Place    | Note
-------+----------+-------------------------------------------
     0 | Abyss:1  | Gargoyl the Gnoll Abyssal Knight began the quest for the
                  | Orb.
     0 | Abyss:1  | Reached XP level 1. HP: 23/23 MP: 3/3
    29 | Abyss:1  | Got Kouqu's Tome of the Excruciating Mountains
   127 | Abyss:1  | Noticed a bone dragon
   133 | D:1      | Escaped the Abyss
   369 | D:1      | Reached XP level 2. HP: 28/29 MP: 5/5
   751 | D:1      | Reached * piety under Lugonu
  1049 | D:2      | Reached XP level 3. HP: 35/35 MP: 6/6
  1053 | D:2      | Noticed Terence
  1063 | D:2      | Noticed Robin
  1081 | D:2      | Slain by Terence

Illustrated notes

Levels and vault maps discovered:
D:1:      lightli_arrival_quake, layout_loops_cross
D:2:      layout_loops_ring, grunt_decor_cap, uniq_terence,
          uniq_crazy_yiuf_cottage, uniq_robin

Action                   || total
-------------------------++-------
Melee: Hand axe          ||    61
       Bite              ||     6
Invok: Depart the Abyss  ||     1
  Use: Scroll            ||     5
       Potion            ||     1
 Stab: Sleeping          ||     5
Armor: Leather armour    ||    17
Dodge: Dodged            ||    55

Table legend: (Time is in decaauts)
 A = Elapsed time spent in this place.
 B = Non-inter-level travel time spent in this place.
 C = Inter-level travel time spent in this place.
 D = Time resting spent in this place.
 E = Time spent auto-exploring this place.
 F = Levels seen in this place.
 G = Mean time per level.
                   A        B        C        D        E       F      G
               +--------+--------+--------+--------+--------+-----+--------+
         Total |   1085 |   1057 |     28 |      0 |    822 |   3 |  361.7 |
       Dungeon |    953 |    925 |     28 |      0 |    701 |   2 |  476.5 |
         Abyss |    132 |    132 |      0 |      0 |    121 |   1 |  132.0 |
               +--------+--------+--------+--------+--------+-----+--------+

Top non-repeatable levels by time:
     D:1: 910 daAuts
 Abyss:1: 132 daAuts
     D:2: 42 daAuts
